 Dungeon Crawl Stone Soup version 0.31-a0-986-g5e6e4ef867 (webtiles) character file.

Game seed: 11158063073687983738

2821 zazu2006 the Sneak (level 9, -17/66 HPs)
             Began as a Gnoll Wanderer on Nov 7, 2023.
             Was an Initiate of Vehumet.
             Demolished by a two-headed ogre
             ... wielding a +0 giant spiked club
              (21 damage)
             ... on level 6 of the Dungeon.
             The game lasted 00:31:27 (10164 turns).

zazu2006 the Sneak (Gnoll Wanderer)                Turns: 10164, Time: 00:31:29

Health: -17/66     AC:  6    Str: 10    XL:     9   Next: 73%
Magic:  28/28      EV: 13    Int: 16    God:    Vehumet [......]
Gold:   418        SH:  0    Dex: 13    Spells: 19/21 levels left

rFire   . . .        o - +2 spear (venom)
rCold   . . .        (no shield)
rNeg    . . .        c - +0 robe
rPois   .            l - +0 helmet
rElec   .            (no cloak)
rCorr   .            g - +0 pair of gloves
SInv    +            d - +0 pair of boots
Will    .....        f - amulet of the acrobat
Stlth   ++++         t - ring of see invisible
HPRegen 0.31/turn    r - ring of magical power
MPRegen 0.21/turn

%: acrobat
@: no status effects
A: fangs 1, strong nose, distributed training
a: Renounce Religion


You were on level 6 of the Dungeon.
You worshipped Vehumet.
Vehumet was noncommittal.
You visited 1 branch of the dungeon, and saw 8 of its levels.

You collected 418 gold pieces.

Inventory:

Hand Weapons
 a - a +0 club
 o - a +2 spear of venom (weapon)
 D - a +5 spear
 G - a +2 scimitar of holy wrath
Missiles
 b - a throwing net
Armour
 c - a +0 robe (worn)
 d - a +0 pair of boots (worn)
 g - a +0 pair of gloves (worn)
 l - a +0 helmet (worn)
 A - a +4 scale mail
Magical Staves
 j - a staff of poison
Jewellery
 f - an amulet of the acrobat (around neck)
 h - a ring of resist corrosion
 r - a ring of magical power (right hand)
 t - a ring of see invisible (left hand)
 E - a ring of ice
Wands
 m - a wand of roots (10)
Scrolls
 e - 2 scrolls of silence
 i - 2 scrolls of fear {unknown}
 k - 2 scrolls of poison {unknown}
 n - 2 scrolls of blinking {unknown}
 p - 2 scrolls of amnesia {unknown}
 q - 2 scrolls of noise
 u - 2 scrolls of teleportation
 w - a scroll of enchant weapon {unknown}
 x - a scroll of enchant armour {unknown}
 y - a scroll of acquirement {unknown}
 z - a scroll of brand weapon
 C - a scroll of vulnerability
 H - a scroll of identify
Potions
 s - a potion of heal wounds {unknown}
 v - 3 potions of invisibility {unknown}
 B - a potion of cancellation {unknown}
 F - a potion of curing
 I - 2 potions of mutation {unknown}


   Skills:
 + Level 4.6 Fighting
 + Level 4.6 Short Blades
 + Level 4.6 Long Blades
 + Level 4.6 Axes
 + Level 4.6 Maces & Flails
 + Level 4.6 Polearms
 + Level 4.6 Staves
 + Level 4.6 Ranged Weapons
 + Level 4.6 Throwing
 + Level 4.6 Armour
 + Level 4.6 Dodging
 + Level 7.6 Stealth
 + Level 4.6 Shields
 + Level 4.6 Unarmed Combat
 + Level 6.9 Spellcasting
 + Level 3.8 Conjurations
 + Level 3.8 Hexes
 + Level 3.8 Summonings
 + Level 5.4 Necromancy
 + Level 3.8 Translocations
 + Level 3.8 Transmutations
 + Level 3.8 Fire Magic
 + Level 3.8 Ice Magic
 + Level 3.8 Air Magic
 + Level 3.8 Earth Magic
 + Level 3.8 Poison Magic
 + Level 5.7 Invocations
 + Level 5.3 Evocations
 + Level 4.2 Shapeshifting


You had 19 spell levels left.
You knew the following spells:

 Your Spells              Type           Power      Damage    Failure   Level
a - Freeze                Ice            68%        1d8       2%          1
b - Shock                 Conj/Air       68%        1d7       2%          1

Your spell library contained the following spells:

 Spells                   Type           Power      Damage    Failure   Level
 Kiss of Death            Conj/Necr      80%        2d11      1%          1
 Apportation              Tloc           34%        N/A       2%          1
 Summon Small Mammal      Summ           68%        N/A       2%          1
 Vampiric Draining        Necr           23%        2d7       4%          3
 Call Canine Familiar     Summ           17%        N/A       8%          3
 Ignite Poison            Fire/Tmut/Pois 17%        N/A       8%          3
 Summon Guardian Golem    Hex/Summ       17%        N/A       8%          3
 Swiftness                Air            17%        N/A       8%          3
 Airstrike                Air            8%         2d(2-18)  26%         4


Dungeon Overview and Level Annotations

Branches:
Dungeon (8/15)             Temple (0/1) D:6
   Lair: D:8-11

Altars:
Cheibriados
Dithmenos
Hepliaklqana
Kikubaaqudgha
Makhleb
Okawaru
Qazlal
Trog
Vehumet
Xom

Shops:
D:1 *   D:5 *   D:6 *

Annotations:
D:8 Joseph


Innate Abilities, Weirdness & Mutations

You have very sharp teeth.
Your uncanny sense of smell can sniff out nearby items.
Your experience applies equally to all skills.


Message History

You hit the two-headed ogre.
The two-headed ogre is poisoned.
The two-headed ogre is lightly wounded.
The two-headed ogre misses you.
The two-headed ogre hits you with a +0 giant club!
The two-headed ogre attacks as it pursues you!
The two-headed ogre completely misses you.
The two-headed ogre misses you.
Reach: o) +2 spear (venom)
Press: ? - help, Dir - move target, f/p - two-headed ogre
Aim: a two-headed ogre, wielding a +0 giant spiked club and a +0 giant club (moderately wounded, very poisoned, about 21% to evade your +2 spear of venom)
You reach to attack!
You closely miss the two-headed ogre.
The two-headed ogre is moderately wounded.
Unknown command.
You hit the two-headed ogre.
The two-headed ogre looks as sick as possible!
You bite the two-headed ogre, but do no damage.
The two-headed ogre is moderately wounded.
The two-headed ogre closely misses you.
The two-headed ogre completely misses you.
You hit the two-headed ogre but do no damage.
The two-headed ogre looks as sick as possible!
Your bite misses the two-headed ogre.
The two-headed ogre is heavily wounded.
The two-headed ogre attacks as it pursues you!
The two-headed ogre completely misses you.
The two-headed ogre hits you with a +0 giant club!!
You hit the two-headed ogre.
The two-headed ogre is severely wounded.
You closely miss the two-headed ogre. Your punch misses the two-headed ogre.
The two-headed ogre is severely wounded.
The two-headed ogre hits you with a +0 giant spiked club!
The two-headed ogre hits you with a +0 giant club.
You hit the two-headed ogre.
The two-headed ogre looks as sick as possible!
You bite the two-headed ogre, but do no damage.
The two-headed ogre is severely wounded.
The two-headed ogre hits you with a +0 giant spiked club!!
* * * LOW HITPOINT WARNING * * *
The two-headed ogre hits you with a +0 giant club!!
You die...

#######.## #.#
#........##########.#
#.# #.)...#.........#
#.# #...##.#########
#.#####.#####..##.#
#.................#
#.######.####
#.######.# #.....O@.#
##########


You could see a two-headed ogre (extremely poisoned).

Vanquished Creatures
  Grinder (D:4)
  Grum (D:5)
  A water moccasin (D:6)
  An orc warrior (D:6)
  2 black bears
  2 sky beasts (D:6)
  2 ogres (D:6)
  3 gnoll sergeants (D:5)
  2 scorpions
  3 wights (D:6)
  A crimson imp (D:5)
  A jelly (D:5)
  2 gnoll boudas
  15 hounds
  An orc priest (D:6)
  6 iguanas
  2 orc wizards (D:5)
  30 gnolls
  8 adders
  A worm (D:2)
  5 dart slugs
  19 orcs
  10 ball pythons
  3 endoplasms
  8 giant cockroaches
  9 goblins
  4 hobgoblins
  15 jackals
  6 kobolds
  5 quokkas
  5 bats
  2 frilled lizards (D:1)
  3 rats (D:1)
179 creatures vanquished.

Notes
Turn   | Place    | Note
-------+----------+-------------------------------------------
     0 | D:1      | zazu2006 the Gnoll Wanderer began the quest for the Orb.
     0 | D:1      | zazu2006 set off with the following items: a +0 club, a
                  | potion of lignification, a +0 robe, a +0 pair of boots; and
                  | the following spells available to memorise: Kiss of Death,
                  | Vampiric Draining, Apportation, Freeze, Ignite Poison.
     0 | D:1      | Reached XP level 1. HP: 13/13 MP: 6/6
    33 | D:1      | Found Xoesi Fete's Assorted Antiques.
   174 | D:1      | Reached XP level 2. HP: 19/19 MP: 7/7
   545 | D:1      | Reached XP level 3. HP: 24/25 MP: 9/9
   644 | D:1      | Reached skill level 5 in Spellcasting
   677 | D:1      | Reached skill level 6 in Stealth
  1248 | D:2      | Reached skill level 1 in Fighting
  1248 | D:2      | Reached skill level 1 in Short Blades
  1248 | D:2      | Reached skill level 1 in Long Blades
  1248 | D:2      | Reached skill level 1 in Axes
  1248 | D:2      | Reached skill level 1 in Maces & Flails
  1248 | D:2      | Reached skill level 1 in Polearms
  1248 | D:2      | Reached skill level 1 in Staves
  1248 | D:2      | Reached skill level 1 in Ranged Weapons
  1248 | D:2      | Reached skill level 1 in Throwing
  1248 | D:2      | Reached skill level 1 in Armour
  1248 | D:2      | Reached skill level 1 in Dodging
  1248 | D:2      | Reached skill level 1 in Shields
  1248 | D:2      | Reached skill level 1 in Unarmed Combat
  1466 | D:1      | Reached skill level 1 in Shapeshifting
  1466 | D:1      | Reached XP level 4. HP: 24/32 MP: 11/11
  1883 | D:2      | HP: 1/32 [worm (9)]
  2094 | D:2      | Reached skill level 1 in Conjurations
  2094 | D:2      | Reached skill level 1 in Hexes
  2094 | D:2      | Reached skill level 1 in Summonings
  2094 | D:2      | Reached skill level 1 in Translocations
  2094 | D:2      | Reached skill level 1 in Transmutations
  2094 | D:2      | Reached skill level 1 in Fire Magic
  2094 | D:2      | Reached skill level 1 in Ice Magic
  2094 | D:2      | Reached skill level 1 in Air Magic
  2094 | D:2      | Reached skill level 1 in Earth Magic
  2094 | D:2      | Reached skill level 1 in Poison Magic
  2468 | D:3      | Found an iron altar of Okawaru.
  2503 | D:3      | Found a stormy altar of Qazlal.
  2567 | D:3      | Found a shadowy altar of Dithmenos.
  2651 | D:3      | Found a hazy altar of Hepliaklqana.
  2712 | D:3      | Found a bloodstained altar of Trog.
  2910 | D:2      | Learned a level 1 spell: Freeze
  2996 | D:3      | Reached XP level 5. HP: 37/37 MP: 12/12
  3014 | D:3      | Found a faded altar of an unknown god.
  3082 | D:3      | Found an ancient bone altar of Kikubaaqudgha.
  3400 | D:4      | Reached XP level 6. HP: 27/44 MP: 10/13
  3989 | D:5      | Entered Level 5 of the Dungeon
  4003 | D:5      | Learned a level 1 spell: Shock
  4405 | D:5      | Noticed Grinder
  4638 | D:3      | Reached XP level 7. HP: 27/50 MP: 15/15
  5575 | D:5      | Paralysed by Grinder for 4 turns
  5606 | D:4      | Paralysed by Grinder for 4 turns
  5620 | D:4      | Killed Grinder
  6020 | D:5      | Reached XP level 8. HP: 24/58 MP: 11/16
  6640 | D:5      | You fall into a shaft and drop 3 floors!
  6806 | D:8      | HP: 1/58 [ice beast (6)]
  6818 | D:8      | Noticed Joseph
  7252 | D:6      | Found Peypnynonn's General Store.
  7480 | D:5      | Reached skill level 7 in Stealth
  7645 | D:5      | Found Iho Bito's Assorted Antiques.
  7677 | D:5      | Noticed Grum
  8122 | D:5      | Found a snail-covered altar of Cheibriados.
  8199 | D:5      | Reached skill level 5 in Necromancy
  8199 | D:5      | Reached skill level 5 in Invocations
  8336 | D:5      | Found a burning altar of Makhleb.
  8339 | D:5      | Found a radiant altar of Vehumet.
  8391 | D:5      | Reached XP level 9. HP: 58/65 MP: 18/18
  8417 | D:5      | Became a worshipper of Vehumet
  8488 | D:5      | Killed Grum
  8882 | D:6      | Found a shimmering altar of Xom.
  8975 | D:6      | Reached skill level 5 in Evocations
  9342 | D:6      | Found a staircase to the Ecumenical Temple.
 10149 | D:6      | Noticed a two-headed ogre
 10164 | D:6      | Demolished by a two-headed ogre

Illustrated notes

Levels and vault maps discovered:
D:1:      psy_arrival_radial02, layout_loops_ring, serial_shops, shop_statue
D:2:      layout_loops_ring, minmay_unequal
D:3:      layout_rooms, nicolae_dithmenos_through_a_glass_darkly,
          mainiacjoe_overflow_two_lobes, marbit_many_paths,
          amcnicky_altar_gilded, mainiacjoe_overflow_paths,
          shapermc_ecumenical_altar_acropolis
D:4:      nicolae_cairo_tiling_large_dashed, layout_basic
D:5:      layout_cave_pools, grunt_temple_overflow_lords_of_destruction,
          cheibriados_altar_1, serial_gnoll_camp, gnoll_camp_huts_basic,
          gnoll_camp_mini_house, gnoll_camp_mini_doghouse, grums_kennel,
          gnoll_camp_mini_doghouse, serial_shops, nicolae_shop_stone,
          uniq_grinder
D:6:      layout_loops_corners, mainiacjoe_overflow_tiny_flanked,
          minmay_temple_entry_statues_fountains, nicolae_stop_n_shop_2
D:7:      layout_basic, uniq_maggie
D:8:      layout_loops_cross, uniq_joseph

Skill      XL: |  1  2  3  4  5  6  7  8  9 |
---------------+----------------------------+-----
Spellcasting   | 5 6 |  6.9
Stealth        | 6 7 |  7.6
Fighting       | 1 2 3 4 |  4.6
Short Blades   | 1 2 3 4 |  4.6
Long Blades    | 1 2 3 4 |  4.6
Axes           | 1 2 3 4 |  4.6
Maces & Flails | 1 2 3 4 |  4.6
Polearms       | 1 2 3 4 |  4.6
Staves         | 1 2 3 4 |  4.6
Ranged Weapons | 1 2 3 4 |  4.6
Throwing       | 1 2 3 4 |  4.6
Armour         | 1 2 3 4 |  4.6
Dodging        | 1 2 3 4 |  4.6
Shields        | 1 2 3 4 |  4.6
Unarmed Combat | 1 2 3 4 |  4.6
Shapeshifting  | 1 2 3 4 |  4.2
Conjurations   | 1 2 3 |  3.8
Hexes          | 1 2 3 |  3.8
Summonings     | 1 2 3 |  3.8
Translocations | 1 2 3 |  3.8
Transmutations | 1 2 3 |  3.8
Fire Magic     | 1 2 3 |  3.8
Ice Magic      | 1 2 3 |  3.8
Air Magic      | 1 2 3 |  3.8
Earth Magic    | 1 2 3 |  3.8
Poison Magic   | 1 2 3 |  3.8
Invocations    | 3 4 5 |  5.7
Necromancy     | 4 5 |  5.4
Evocations     | 3 4 5 |  5.3

Action                     |  1- 3 |  4- 6 |  7- 9 || total
---------------------------+-------+-------+-------++-------
  Melee: Club              |   111 |       |       ||   111
         Bite              |    15 |    24 |    34 ||    73
         Staff             |    64 |   212 |   101 ||   377
         Punch             |       |     5 |    11 ||    16
         Spear             |       |       |   196 ||   196
  Throw: Throwing net      |       |     1 |       ||     1
   Cast: Freeze            |       |    42 |    46 ||    88
         Shock             |       |    35 |   184 ||   219
  Evoke: Wand              |       |       |     6 ||     6
    Use: Potion            |     1 |     4 |     7 ||    12
         Scroll            |       |       |     8 ||     8
   Stab: Sleeping          |    12 |     6 |     4 ||    22
 Armour: Robe              |   143 |   191 |   276 ||   610
         Skin              |    20 |       |       ||    20
  Dodge: Dodged            |   117 |   231 |   301 ||   649

Table legend: (Time is in decaauts)
 A = Elapsed time spent in this place.
 B = Non-inter-level travel time spent in this place.
 C = Inter-level travel time spent in this place.
 D = Time resting spent in this place.
 E = Time spent auto-exploring this place.
 F = Levels seen in this place.
 G = Mean time per level.
                   A        B        C        D        E       F      G
               +--------+--------+--------+--------+--------+-----+--------+
         Total |  10219 |  10007 |    212 |   1675 |   5777 |   8 | 1277.4 |
       Dungeon |  10219 |  10007 |    212 |   1675 |   5777 |   8 | 1277.4 |
               +--------+--------+--------+--------+--------+-----+--------+

Top non-repeatable levels by time:
     D:4: 2397 daAuts
     D:5: 2318 daAuts
     D:6: 1441 daAuts
     D:2: 1343 daAuts
     D:1: 1126 daAuts
     D:3: 968 daAuts
     D:8: 578 daAuts
     D:7: 45 daAuts
